 Dungeon Crawl Stone Soup version 0.20.0-7-g3b7b877 (webtiles) character file.

1514 CosmicAfro the Arsonist (level 8, -5/41 HPs)
             Began as a Deep Elf Fire Elementalist on May 29, 2017.
             Was a Believer of Vehumet.
             Shot with a sling bullet by Joseph (17 damage)
             ... on level 7 of the Dungeon on May 30, 2017.
             The game lasted 00:28:52 (6601 turns).

CosmicAfro the Arsonist (DEFE)                      Turns: 6601, Time: 00:28:52

Health: -5/41      AC:  9    Str:  5      XL:     8   Next: 53%
Magic:  3/16       EV: 12    Int: 23      God:    Vehumet [**....]
Gold:   421        SH:  0    Dex: 11 (12) Spells: 9/15 levels left

rFire    . . .     SeeInvis .   a - -1 whip
rCold    . . .     Gourm    .   (no shield)
rNeg     . . .     Faith    .   w - +2 robe
rPois    .         Spirit   .   z - +0 helmet
rElec    .         Reflect  .   I - +0 cloak
rCorr    .         Harm     .   v - +1 pair of gloves
MR       .....                  h - +0 pair of boots
Stlth    ++........             (no amulet)
Regen    0.2/turn               u - ring of flight
MPRegen  0.2/turn               x - -3 ring of dexterity

@: no status effects
A: no striking features
a: Renounce Religion, Evoke Flight


You were on level 7 of the Dungeon.
You worshipped Vehumet.
Vehumet was pleased with you.
You were not hungry.

You visited 2 branches of the dungeon, and saw 8 of its levels.

You collected 421 gold pieces.

Inventory:

Hand Weapons
 a - a -1 whip (weapon)
Armour
 h - a +0 pair of boots (worn)
 m - a +0 buckler
 v - a +1 pair of gloves (worn)
 w - a +2 robe (worn)
 z - a +0 helmet (worn)
 I - a +0 cloak (worn)
Jewellery
 u - a ring of flight (left hand)
 x - a -3 ring of dexterity (right hand)
 G - a +4 ring of dexterity
Wands
 t - a wand of random effects (23/48)
 C - a wand of lightning (9/15)
Scrolls
 f - 6 scrolls of identify
 j - 2 scrolls of enchant armour
 q - a scroll of fog {unknown}
 r - 2 scrolls of teleportation
 y - a scroll of fear
 A - a scroll of remove curse
 D - 2 scrolls of immolation {unknown}
 J - a scroll of vulnerability {unknown}
Potions
 e - a potion of agility {unknown}
 g - 2 potions of berserk rage {unknown}
 i - 5 potions of curing {unknown}
 k - 2 potions of lignification {unknown}
 l - 3 potions of heal wounds {unknown}
 n - a potion of invisibility {unknown}
 o - 3 potions of mutation {unknown}
 p - a potion of resistance {unknown}
 s - a potion of might {unknown}
 E - 2 potions of degeneration {unknown}
 H - a potion of brilliance {unknown}
Books
 b - a book of Flames

   Spells                             Type                      Level
   a - Flame Tongue                   Conjuration/Fire             1
   b - Throw Flame                    Conjuration/Fire             2
   c - Conjure Flame                  Conjuration/Fire             3
   d - Inner Flame                    Hexes/Fire                   3
   e - Sticky Flame                   Conjuration/Fire             4
   f - Fireball                       Conjuration/Fire             5
Comestibles
 c - 8 bread rations
 d - a royal jelly
 B - 2 meat rations
 F - 5 fruits
 K - 3 chunks of flesh


   Skills:
 - Level 2.4 Dodging
 - Level 2.4 Stealth
 - Level 4.0 Spellcasting
 + Level 8.0 Conjurations
 + Level 8.9 Fire Magic


You had 9 spell levels left.
You knew the following spells:

 Your Spells              Type           Power        Failure   Level  Hunger
a - Flame Tongue          Conj/Fire      #####        1%          1    None
b - Throw Flame           Conj/Fire      #####.       1%          2    #......
c - Conjure Flame         Conj/Fire      #####...     1%          3    ##.....


Dungeon Overview and Level Annotations

Branches:
Dungeon (7/15)             Temple (1/1) D:4

Altars:
Ashenzari
Cheibriados
Elyvilon
Fedhas
Gozag
Hepliaklqana
Kikubaaqudgha
Nemelex Xobeh
Okawaru
Qazlal
Ru
Sif Muna
Uskayaw
Vehumet
Xom
The Shining One

Annotations:
D:7 Joseph


Message History

Joseph shoots a sling bullet.
The sling bullet hits you.
* * * LOW HITPOINT WARNING * * *
Casting: Throw Flame
Confirm with . or Enter, or press ? or * to list all spells.
You can't see any susceptible monsters within range! (Use Z to cast anyway.) Joseph shoots a sling bullet.
The sling bullet misses you.
Casting: Throw Flame
Confirm with . or Enter, or press ? or * to list all spells.
You can't see any susceptible monsters within range! (Use Z to cast anyway.) Unknown command.
Joseph shoots a sling bullet.
The sling bullet barely misses you.
Casting: Throw Flame
Confirm with . or Enter, or press ? or * to list all spells.
Aiming: Flame Tongue
Press: ? - help, Shift-Dir - straight line, f/p - Joseph
Aim: Joseph, wielding a hunting sling and wearing a leather armour (heavily wounded)
The flame tongue hits Joseph.
Joseph is heavily wounded.
Joseph shoots a sling bullet.
The sling bullet hits you!
You die...

@... #..# #..# #..# #..#
#..# #. ##..###.
##################..(##..
#.....(.@.((.@†..........
...##############.#...##..
#.###.##.. #.# #.###. #.#
#.# #. ##.###.###.
##.#.##..... #.###.......
##.#.#######


You could see Joseph.

Vanquished Creatures
  Sigmund (D:3)
  An ice beast (D:6)
  3 ogres
  2 bullfrogs (D:6)
  2 scorpions
  A quasit (D:4)
  A hound (D:4)
  2 centaur skeletons
  5 orc priests
  6 orc wizards
  4 worker ants
  2 hound skeletons
  A hound zombie (D:6)
  A mummy (D:6)
  Robin (D:2)
  3 adders
  A shadow imp (D:5)
  2 oozes
  2 adder skeletons (D:4)
  2 dart slugs
  3 leopard geckos
  29 orcs
  10 bats
  5 giant cockroaches
  14 goblins
  11 hobgoblins
  10 jackals
  5 kobolds
  4 quokkas
  4 ball pythons
  7 frilled lizards
  2 goblin skeletons (D:5)
  A goblin zombie (D:5)
  A hobgoblin zombie (D:5)
  3 kobold skeletons (D:5)
  A kobold zombie (D:5)
  A leopard gecko zombie (D:5)
  An orc skeleton (D:5)
  3 orc zombies (D:5)
  A quokka skeleton (D:4)
  4 rats
163 creatures vanquished.

Notes
Turn   | Place    | Note
-------+----------+-------------------------------------------
     0 | D:1      | CosmicAfro the Deep Elf Fire Elementalist began the quest for the Orb.
     0 | D:1      | Reached XP level 1. HP: 10/10 MP: 6/6
   200 | D:1      | Reached XP level 2. HP: 15/15 MP: 6/8
   499 | D:1      | Learned a level 2 spell: Throw Flame
   880 | D:2      | Noticed Robin
  1055 | D:2      | Reached XP level 3. HP: 19/19 MP: 8/10
  1065 | D:2      | Killed Robin
  1335 | D:2      | Found a white marble altar of Elyvilon.
  1818 | D:3      | Reached XP level 4. HP: 24/24 MP: 2/12
  1944 | D:3      | Found a faded altar of an unknown god.
  2312 | D:3      | Noticed Sigmund
  2320 | D:3      | Killed Sigmund
  2320 | D:3      | Reached skill level 5 in Fire Magic
  2320 | D:3      | Reached XP level 5. HP: 7/28 MP: 5/13
  2700 | D:4      | Noticed an ogre
  2707 | D:4      | Killed an ogre
  2707 | D:4      | Reached XP level 6. HP: 32/32 MP: 2/14
  2840 | D:4      | Reached skill level 5 in Conjurations
  3102 | D:4      | Reached XP level 7. HP: 7/36 MP: 3/15
  3345 | D:4      | Found a staircase to the Ecumenical Temple.
  3354 | Temple   | Entered the Ecumenical Temple
  3453 | Temple   | Became a worshipper of Vehumet
  4717 | D:5      | Entered Level 5 of the Dungeon
  4931 | D:5      | Reached * piety under Vehumet
  4931 | D:5      | Offered knowledge of Shock by Vehumet.
  4939 | D:5      | Learned a level 3 spell: Conjure Flame
  5060 | D:5      | Found a glowing golden altar of the Shining One.
  5403 | D:5      | Reached XP level 8. HP: 27/41 MP: 7/16
  5766 | D:6      | Found a sacrificial altar of Ru.
  5914 | D:6      | Found a white marble altar of Elyvilon.
  5946 | D:6      | Reached ** piety under Vehumet
  5946 | D:6      | Offered knowledge of Searing Ray by Vehumet.
  6297 | D:6      | Found a snail-covered altar of Cheibriados.
  6579 | D:7      | Noticed Joseph
  6601 | D:7      | Shot with a sling bullet by Joseph

Skill      XL: |  1  2  3  4  5  6  7  8 |
---------------+-------------------------+-----
Conjurations   | 2 4 5 6 8 |  8.0
Fire Magic     | 4 5 6 7 8 |  8.9
Spellcasting   | 4 |  4.0
Dodging        | |  2.4
Stealth        | |  2.4

Action                   |  1- 3 |  4- 6 |  7- 9 || total
-------------------------+-------+-------+-------++-------
Melee: Unarmed           |     8 |       |       ||     8
       Whip              |       |       |     3 ||     3
 Cast: Flame Tongue      |    69 |    98 |   170 ||   337
       Throw Flame       |    11 |     8 |    32 ||    51
       Conjure Flame     |       |       |     1 ||     1
  Use: Scroll            |       |       |     6 ||     6
  Eat: Chunk             |     3 |     4 |    10 ||    17
       Fruit             |       |       |     1 ||     1
Armor: Robe              |    15 |     9 |    83 ||   107
Dodge: Dodged            |    38 |    24 |   113 ||   175
